 Dungeon Crawl Stone Soup version 0.21-a0-79-g04744e2 (webtiles) character file.

2267 stigmas the Insei (level 9, 0/66 HPs)
             Began as a Human Transmuter on June 22, 2017.
             Was an Initiate of Kikubaaqudgha.
             Slain by an orc warrior
             ... wielding a +0 flail
              (20 damage)
             ... on level 7 of the Dungeon.
             The game lasted 00:20:06 (6720 turns).

stigmas the Insei (Human Transmuter)                Turns: 6720, Time: 00:20:07

Health: 0/66       AC:  2    Str: 22    XL:     9   Next: 65%
Magic:  16/16      EV: 14    Int: 16    God:    Kikubaaqudgha [......]
Gold:   328        SH:  0    Dex: 15    Spells: 10/17 levels left

rFire    . . .     SeeInvis .     - Unarmed
rCold    . . .     Gourm    .   (no shield)
rNeg     . . .     Faith    .   b - +0 robe
rPois    .         Spirit   .   (no helmet)
rElec    .         Reflect  .   (no cloak)
rCorr    +         Harm     .   (no gloves)
MR       .....                  (no boots)
Stlth    ++........             g - amulet of regeneration
HPRegen  0.61/turn              t - +5 ring of strength
MPRegen  0.15/turn              F - ring "Ifuch" {rCorr Dex+2}

@: mighty
A: no striking features
a: Renounce Religion


You were on level 7 of the Dungeon.
You worshipped Kikubaaqudgha.
Kikubaaqudgha was noncommittal.
You were not hungry.

You visited 2 branches of the dungeon, and saw 8 of its levels.

You collected 328 gold pieces.

Inventory:

Missiles
 a - 63 arrows
Armour
 b - a +0 robe (worn)
Jewellery
 g - an amulet of regeneration (around neck)
 t - a +5 ring of strength (left hand)
 u - an uncursed ring of protection from cold
 y - an uncursed ring of fire
 F - the ring "Ifuch" (right hand) {rCorr Dex+2}
   (You found it on level 7 of the Dungeon)

   [ring of resist corrosion]

   It affects your dexterity (+2).
Wands
 j - a wand of iceblast (6/15)
 w - a wand of iceblast (8/15)
 D - a wand of digging (14/24)
Scrolls
 f - a scroll of magic mapping {unknown}
 m - 2 scrolls of blinking {unknown}
 n - 3 scrolls of teleportation
 p - a scroll of enchant armour {unknown}
 s - a scroll of remove curse
 B - 2 scrolls of recharging {unknown}
Potions
 e - a potion of curing
 h - 2 potions of cancellation
 i - 2 potions of degeneration
 l - a potion of heal wounds
 q - 2 potions of mutation
 z - a potion of lignification
 C - a potion of flight
Books
 c - a book of Changes

   Spells                             Type                      Level
   a - Beastly Appendage              Transmutation                1
   b - Sticks to Snakes               Transmutation                2
   c - Spider Form                    Transmutation/Poison         3
   d - Ice Form                       Ice/Transmutation            4
   e - Blade Hands                    Transmutation                5
 E - Kikubaaqudgha's Incunabulum of Dark Arts
   (Kikubaaqudgha gifted it to you on level 6 of the Dungeon)

   Spells                             Type                      Level
   a - Animate Skeleton               Necromancy                   1
   b - Corpse Rot                     Necromancy                   2
   c - Sublimation of Blood           Necromancy                   2
   d - Vampiric Draining              Necromancy                   3
   e - Control Undead                 Necromancy                   4
Comestibles
 d - 4 bread rations
 k - 12 fruits
 o - 4 meat rations
 v - a royal jelly


   Skills:
 * Level 4.4 Fighting
 + Level 4.2 Dodging
 - Level 0.4 Stealth
 + Level 7.5 Unarmed Combat
 * Level 4.8 Spellcasting
 * Level 5.2 Transmutations
 * Level 3.9 Poison Magic


You had 10 spell levels left.
You knew the following spells:

 Your Spells              Type           Power        Failure   Level  Hunger
a - Beastly Appendage     Tmut           ###...       1%          1    None
b - Spider Form           Tmut/Pois      ###.......   7%          3    ###....
c - Vampiric Draining     Necr           #.........   43%         3    ###....


Dungeon Overview and Level Annotations

Branches:
Dungeon (7/15)             Temple (1/1) D:5

Altars:
Ashenzari
Cheibriados
Dithmenos
Elyvilon
Gozag
Hepliaklqana
Kikubaaqudgha
Makhleb
Nemelex Xobeh
Okawaru
Qazlal
Ru
Sif Muna
Trog
Vehumet
Wu Jian
Xom
Zin
The Shining One

Shops:
D:6 (

Annotations:
D:7 Pikel


Message History

The hungry ghost completely misses you.
You hit the hungry ghost but do no damage.
The hungry ghost is heavily damaged.
The hungry ghost barely misses you.
You bite the hungry ghost!
The hungry ghost is almost destroyed.
The hungry ghost closely misses you.
You bite the hungry ghost!
You destroy the hungry ghost!
Kikubaaqudgha accepts your kill.
You see here a bullfrog corpse.
The orc warrior hits you with a flail!
* * * LOW HITPOINT WARNING * * *
You see here a bullfrog corpse.
Your transformation has ended.
Your +0 robe unmelds from your body.
You feel very mighty all of a sudden. The orc warrior hits you with a flail!!
You die...
Kikubaaqudgha rasps: "You have failed me!
Welcome... death!"

..# #.# ..# #o# ### .#.#
####... <..... ....###
.......
#####################....###
................@o†))..>...=
###########.#########....###
.# #.# ....# .##### #.#
....# .....# #.# ....#
#....# #.# ....# #....# #.#
##### #....# #.# ##..## #.#


You could see an orc warrior.

Vanquished Creatures
  A hippogriff (D:7)
  Eustachio (D:5)
  A hungry ghost (D:7)
  Menkaure (D:5)
  A sky beast (D:5)
  6 ogres
  A big kobold (D:6)
  A bullfrog (D:7)
  A scorpion (D:3)
  2 killer bees (D:7)
  A bullfrog zombie (D:6)
  2 crimson imps
  A jelly (D:7)
  3 orc priests
  3 orc wizards
  Jessica (D:2)
  3 iguanas
  5 worker ants
  A hound skeleton (D:5)
  A worker ant zombie (D:5)
  8 gnolls
  9 adders
  3 shadow imps (D:5)
  An ooze (D:2)
  An adder skeleton (D:6)
  2 worms
  8 dart slugs (D:3)
  2 leopard geckos
  21 orcs
  A giant cockroach (D:4)
  8 hobgoblins
  6 jackals
  14 kobolds
  6 quokkas
  2 ball pythons (D:2)
  4 bats
  7 frilled lizards
  8 goblins
  2 jackal skeletons
  8 rats
158 creatures vanquished.

Notes
Turn   | Place    | Note
-------+----------+-------------------------------------------
     0 | D:1      | stigmas the Human Transmuter began the quest for the Orb.
     0 | D:1      | Reached XP level 1. HP: 15/15 MP: 3/3
   352 | D:1      | Reached XP level 2. HP: 17/21 MP: 5/5
   668 | D:1      | Reached XP level 3. HP: 24/26 MP: 4/6
  1170 | D:2      | Noticed Jessica
  1173 | D:2      | Found a shattered altar of Ashenzari.
  1186 | D:2      | Killed Jessica
  1186 | D:2      | Reached XP level 4. HP: 32/33 MP: 5/7
  1406 | D:2      | Learned a level 3 spell: Spider Form
  1565 | D:2      | Reached XP level 5. HP: 26/38 MP: 9/9
  1963 | D:2      | Reached skill level 4 in Unarmed Combat
  2037 | D:2      | Found an iron altar of Okawaru.
  2097 | D:2      | Found a deep blue altar of Sif Muna.
  2560 | D:3      | Reached XP level 6. HP: 37/44 MP: 10/10
  2882 | D:3      | Found a radiant altar of Vehumet.
  3019 | D:3      | Found a bloodstained altar of Trog.
  3121 | D:4      | Noticed an ogre
  3128 | D:4      | Killed an ogre
  3128 | D:4      | Reached skill level 1 in Poison Magic
  3128 | D:4      | Reached XP level 7. HP: 50/50 MP: 4/11
  3549 | D:4      | Reached skill level 5 in Unarmed Combat
  4499 | D:5      | Entered Level 5 of the Dungeon
  4499 | D:5      | Noticed Eustachio
  4511 | D:5      | Killed Eustachio
  4571 | D:5      | Reached XP level 8. HP: 38/57 MP: 10/13
  5073 | D:5      | Reached skill level 6 in Unarmed Combat
  5117 | D:5      | Noticed Menkaure
  5129 | D:5      | Killed Menkaure
  5257 | D:5      | Found a white marble altar of Elyvilon.
  5510 | D:5      | Found a staircase to the Ecumenical Temple.
  5517 | Temple   | Entered the Ecumenical Temple
  5549 | Temple   | Became a worshipper of Kikubaaqudgha
  5795 | D:6      | Reached XP level 9. HP: 65/65 MP: 11/15
  5967 | D:6      | Found a shadowy altar of Dithmenos.
  6081 | D:6      | Found Nadigh's Antique Weapon Shop.
  6116 | D:6      | Found a sparkling altar of Nemelex Xobeh.
  6116 | D:6      | Found a hazy altar of Hepliaklqana.
  6121 | D:6      | Reached * piety under Kikubaaqudgha
  6121 | D:6      | Identified Kikubaaqudgha's Incunabulum of Dark Arts (Kikubaaqudgha gifted it to you on level 6 of the Dungeon)
  6121 | D:6      | Received a gift from Kikubaaqudgha
  6127 | D:6      | Learned a level 3 spell: Vampiric Draining
  6247 | D:7      | Got a translucent bone ring
  6361 | D:7      | Noticed a hippogriff
  6372 | D:7      | Killed a hippogriff
  6372 | D:7      | Reached skill level 7 in Unarmed Combat
  6372 | D:7      | Reached skill level 5 in Transmutations
  6463 | D:7      | Noticed Pikel
  6642 | D:7      | Identified the ring "Ifuch" {rCorr Dex+2} (You found it on level 7 of the Dungeon)
  6720 | D:7      | Slain by an orc warrior

Vault maps used:
D:1:      dpeg_arrival_renting
D:2:      old_standard_altar, lemuel_blue_sif_altar, grunt_decor_cap,
          eino_tiny_chamber, okawaru_altar_gauntlet_db, uniq_jessica
D:3:      kennysheep_slugbush, lightli_temple_of_fire,
          lemuel_coloured_pillars_altar
D:4:      first_bread
D:5:      kennysheep_little_box, minmay_temple_entry_nine_rooms, uniq_menkaure,
          uniq_eustachio
D:6:      gammafunk_temple_overflow_wave, nicolae_overflow_crystal_walls,
          serial_shops, shop, minmay_strange_pillars
D:7:      uniq_pikel
Temple:   nicolae_temple_x_marks_the_god

Skill      XL: |  1  2  3  4  5  6  7  8  9 |
---------------+----------------------------+-----
Dodging        | 3 4 |  4.2
Unarmed Combat | 4 5 6 7 |  7.5
Spellcasting   | 3 4 |  4.8
Fighting       | 2 3 4 |  4.4
Transmutations | 3 4 5 |  5.2
Poison Magic   | 1 2 3 |  3.9
Stealth        | |  0.4

Action                   |  1- 3 |  4- 6 |  7- 9 || total
-------------------------+-------+-------+-------++-------
Melee: Unarmed           |   114 |   258 |   286 ||   658
       Punch             |     1 |     3 |     2 ||     6
       Headbutt          |     2 |       |       ||     2
 Cast: Beastly Appendage |     2 |       |       ||     2
       Spider Form       |       |     4 |    27 ||    31
  Use: Potion            |     1 |       |     5 ||     6
       Scroll            |       |     5 |     9 ||    14
 Stab: Sleeping          |     1 |     1 |     4 ||     6
  Eat: Chunk             |     1 |     7 |    13 ||    21
       Bread ration      |       |       |     1 ||     1
Armor: Robe              |    21 |    40 |    12 ||    73
       Skin              |       |     1 |     7 ||     8
Dodge: Dodged            |    66 |   196 |   180 ||   442
